 Dungeon Crawl Stone Soup version 0.29-a0-234-g0dae59b3db (webtiles) character file.

Game seed: 9357933818648981304

7497 ReploidZero the Grappler (level 10, -4/102 HPs)
             Began as a Troll Gladiator on Mar 2, 2022.
             Was a Believer of Ru.
             Slain by a wyvern (6 damage)
             ... on level 11 of the Dungeon.
             The game lasted 00:22:07 (10440 turns).

ReploidZero the Grappler (Troll Gladiator)         Turns: 10440, Time: 00:22:07

Health: -4/102     AC: 11    Str: 26    XL:     10   Next: 95%
Magic:  9/9        EV:  9    Int:  4    God:    Ru [**....]
Gold:   546        SH:  0    Dex: 13    Spells: 9/9 levels left

rFire   . . .      SeeInvis .     - Unarmed
rCold   . . .      Faith    .   (no shield)
rNeg    . . .      Spirit   .   a - +0 robe
rPois   .          Reflect  .   b - +0 hat
rElec   .          Harm     .   p - +2 cloak
rCorr   .          Rampage  .   (gloves unavailable)
Will    .....                   (boots unavailable)
Stlth   +.........              (no amulet)
HPRegen 1.07/turn               i - +4 ring of protection
MPRegen 0.11/turn               y - ring of flight

@: unable to drink, flying
A: large, unfitting armour, claws 3, regeneration 1, shaggy fur 1, tough skin 1,
inability to drink while threatened, inability to train dodging
a: Renounce Religion


You were on level 11 of the Dungeon.
You worshipped Ru.
Ru was pleased with you.
You visited 2 branches of the dungeon, and saw 12 of its levels.

You collected 546 gold pieces.

Inventory:

Missiles
 c - 2 throwing nets
 r - 7 poisoned darts
 w - 13 large rocks (quivered)
 x - a curare-tipped dart
Armour
 a - a +0 robe (worn)
 b - a +0 hat (worn)
 p - a +2 cloak (worn)
Jewellery
 i - a +4 ring of protection (left claw)
 y - a ring of flight (right claw)
Wands
 n - a wand of mindburst (12)
 v - a wand of polymorph (9)
 z - a wand of paralysis (16)
 B - a wand of iceblast (4)
 C - a wand of digging (5)
 D - a wand of flame (12)
Scrolls
 e - 2 scrolls of acquirement
 g - a scroll of enchant weapon
 h - a scroll of holy word
 m - 2 scrolls of immolation
 o - 4 scrolls of identify
 t - 2 scrolls of silence
 F - 2 scrolls of enchant armour
Potions
 d - 3 potions of ambrosia {unknown}
 f - a potion of lignification {unknown}
 j - 3 potions of brilliance
 k - 2 potions of attraction
 l - 2 potions of flight
 s - 2 potions of mutation
 E - a potion of curing


   Skills:
 + Level 7.4 Fighting
 + Level 8.1 Throwing
   Level 0.0 Dodging
 + Level 9.2 Unarmed Combat


You had 9 spell levels left.
You didn't know any spells.
Your spell library contained the following spells:

 Spells                   Type           Power      Damage    Failure   Level
 Foxfire                  Conj/Fire      0%         2x1d4     50%         1
 Magic Dart               Conj           0%         1d3       50%         1
 Blink                    Tloc           0%         N/A       65%         2
 Ensorcelled Hibernation  Hex/Ice        0%         N/A       65%         2
 Passwall                 Tmut/Erth      0%         N/A       65%         2
 Searing Ray              Conj           0%         2d4       65%         2
 Conjure Flame            Conj/Fire      0%         6-21      86%         3
 Gell's Gravitas          Tloc           0%         N/A       86%         3
 Inner Flame              Hex/Fire       0%         N/A       86%         3
 Lesser Beckoning         Tloc           0%         N/A       86%         3
 Swiftness                Air            0%         N/A       86%         3
 Teleport Other           Tloc           0%         N/A       86%         3
 Flame Wave               Conj/Fire      0%         2d4       99%         4
 Fulminant Prism          Conj/Hex       0%         3d6       99%         4
 Manifold Assault         Tloc           0%         N/A       100%        5
 Summon Forest            Summ/Tloc      0%         N/A       100%        5
 Eringya's Noxious Bog    Tmut/Pois      0%         N/A       100%        6
 Summon Hydra             Summ           0%         N/A       100%        7


Dungeon Overview and Level Annotations

Branches:
Dungeon (11/15)            Temple (1/1) D:6            Lair (0/6) D:11
    Orc: D:9-12

Altars:
Ashenzari
Cheibriados
Dithmenos
Elyvilon
Fedhas
Gozag
Hepliaklqana
Kikubaaqudgha
Makhleb
Nemelex Xobeh
Okawaru
Qazlal
Ru
Sif Muna
Trog
Uskayaw
Vehumet
Wu Jian
Xom
Yredelemnul
Zin
The Shining One

Shops:
D:10 (


Innate Abilities, Weirdness & Mutations

You are too large for most types of armour.
You have claws for hands.
Your natural rate of healing is unusually fast.
You are covered in fur. (AC +1)
You have tough skin. (AC +1)
You sometimes lose the ability to drink potions when taking damage.
You cannot train Dodging skill.


Message History

The water moccasin is stunned by your conviction and fails to attack. x2
The water moccasin barely misses you. x2
Okay, then.
You mangle the water moccasin!!
You kill the water moccasin!
The water moccasin closely misses you. The wyvern bites you!
You feel threatened and lose the ability to drink potions!
* * * LOW HITPOINT WARNING * * *
Unknown command.
You scratch the wyvern.
The wyvern is lightly wounded.
The wyvern bites you but does no damage.
The water moccasin bites you but does no damage.
Unknown command.
Attack: -) Claws
Press: ? - help, Dir - move target, f - wyvern
Aim: a wyvern (lightly wounded, about 33% to evade your claws)
Okay, then.
The wyvern bites you.
* * * LOW HITPOINT WARNING * * *
The water moccasin bites you but does no damage.
Attack: -) Claws
Press: ? - help, Dir - move target, f - water moccasin
Aim: a water moccasin (about 48% to evade your claws)
Okay, then.
Unknown command.
Unknown command.
You claw the wyvern!
The wyvern is heavily wounded.
The wyvern bites you!
* * * LOW HITPOINT WARNING * * *
You focus your inner power and illuminate the wyvern in retribution!
The water moccasin bites you but does no damage.
Unknown command.
You scratch the wyvern but do no damage.
The wyvern is heavily wounded.
The wyvern bites you!
* * * LOW HITPOINT WARNING * * *
The water moccasin barely misses you. The wyvern bites you.
You die...

.. ........ #..
.......
#..##......
#..........
..T...... .....
############'#####
...............l.#
#####...
..............TS@#
....#...
....##############
#...#... .........
#####...#...
.........
#..##...#...
P...###...
#.......#... ..$..
.. #.......#...
....## #
+..##'###... .P.P.
####..#........
P.....
#.....#........


You could see a troll, a water moccasin and a wyvern (corona).

Vanquished Creatures
  2 cyclopes
  3 centaur zombies (D:10)
  A kobold demonologist (D:10)
  9 yaks
  A vampire (D:11)
  2 wraiths
  A water moccasin (D:11)
  2 ice beasts
  2 sky beasts (D:7)
  6 orc warriors
  A black bear (D:5)
  4 centaurs
  2 ogres (D:4)
  2 phantoms
  2 kobold brigands
  2 bullfrogs
  6 scorpions
  4 wights
  2 necrophages
  10 killer bees
  An electric eel (D:7)
  2 howler monkeys
  3 hounds
  6 orc priests
  A gnoll shaman (D:7)
  A jelly (D:5)
  An iguana (D:6)
  9 orc wizards
  9 gnolls
  8 adders
  3 white imps
  An ufetubus (D:4)
  2 worms
  2 dart slugs
  30 orcs
  7 bats
  2 endoplasms
  A giant cockroach (D:1)
  3 goblins
  11 hobgoblins
  3 jackals (D:1)
  9 quokkas
  6 ball pythons
  3 frilled lizards
  22 kobolds
  10 rats
220 creatures vanquished.

Vanquished Creatures (collateral kills)
  2 orcs (D:8)
2 creatures vanquished.

Vanquished Creatures (others)
  An orc (D:7)
  4 fungi (D:11)
  11 plants
16 creatures vanquished.

Grand Total: 238 creatures vanquished

Notes
Turn   | Place    | Note
-------+----------+-------------------------------------------
     0 | D:1      | ReploidZero the Troll Gladiator began the quest for the
                  | Orb.
     0 | D:1      | Reached XP level 1. HP: 19/19 MP: 0/0
    95 | D:1      | Reached XP level 2. HP: 27/28 MP: 1/1
   106 | D:1      | Found a faded altar of an unknown god.
   396 | D:1      | Reached XP level 3. HP: 35/35 MP: 2/2
  1019 | D:2      | Reached XP level 4. HP: 42/42 MP: 3/3
  1129 | D:2      | Found a burning altar of Makhleb.
  2469 | D:4      | Noticed an ogre
  2579 | D:4      | Noticed a scorpion
  2588 | D:4      | Killed a scorpion
  2589 | D:4      | Reached skill level 4 in Unarmed Combat
  2589 | D:4      | Reached XP level 5. HP: 50/50 MP: 4/4
  2615 | D:4      | Noticed an ogre
  2623 | D:4      | Killed an ogre
  2624 | D:4      | Reached XP level 6. HP: 52/59 MP: 5/5
  3259 | D:4      | Reached XP level 7. HP: 49/67 MP: 6/6
  3565 | D:5      | Entered Level 5 of the Dungeon
  3566 | D:5      | Identified a scroll of acquirement
  3659 | D:5      | Reached skill level 5 in Unarmed Combat
  4394 | D:5      | Reached XP level 8. HP: 75/78 MP: 7/7
  4998 | D:6      | Found a staircase to the Ecumenical Temple.
  5151 | D:6      | Reached skill level 6 in Unarmed Combat
  5208 | D:5      | Reached skill level 5 in Throwing
  5228 | D:6      | Reached skill level 5 in Dodging
  5251 | Temple   | Entered the Ecumenical Temple
  5738 | Temple   | Became a worshipper of Ru the Awakened
  6190 | D:7      | Reached skill level 5 in Fighting
  6535 | D:7      | Reached XP level 9. HP: 88/88 MP: 8/8
  6538 | D:7      | Noticed a cyclops
  6566 | D:7      | Killed a cyclops
  6640 | D:7      | Reached skill level 7 in Unarmed Combat
  6805 | D:7      | Gained mutation: You sometimes lose the ability to drink
                  | potions when taking damage. [Ru sacrifice]
  6805 | D:7      | Reached * piety under Ru
  7334 | D:7      | Found a glowing silver altar of Zin.
  7992 | D:8      | Reached XP level 10. HP: 75/98 MP: 9/9
  8234 | D:9      | Reached skill level 8 in Unarmed Combat
  8561 | D:9      | Found an ornate altar of the Wu Jian Council.
  8998 | D:10     | Entered Level 10 of the Dungeon
  9000 | D:10     | Noticed a cyclops
  9021 | D:10     | Killed a cyclops
  9117 | D:10     | Found Bariamisil's Antique Weapon Shoppe.
  9286 | D:10     | Gained mutation: You cannot train Dodging skill. [Ru
                  | sacrifice]
  9286 | D:10     | Reached ** piety under Ru
  9484 | D:10     | Found a shimmering altar of Xom.
  9863 | D:10     | Reached skill level 9 in Unarmed Combat
 10408 | D:11     | Found a staircase to the Lair.
 10440 | D:11     | HP: 2/102 [wyvern (10)]
 10440 | D:11     | Slain by a wyvern

Illustrated notes

Levels and vault maps discovered:
D:1:      minmay_arrival_five_plusses, layout_rooms, serial_forest,
          infiniplex_forest_lined_3, infiniplex_forest_straight_2,
          infiniplex_forest_clump_curved, infiniplex_forest_zigzag_2,
          infiniplex_forest_zigzag_2, infiniplex_forest_clump_medium,
          hellmonk_ecumenical_altar_zigzags, hangedman_abyss_or_decor_stabs
D:2:      layout_loops_ring, basic_altar, chequers_arboretum
D:3:      wad_woods_tower, layout_basic, serial_co_window_serial,
          co_window_cross_1, co_window_paths_a, co_window_paths_a,
          co_window_paths_a, co_window_corner_a, co_window_paths_a,
          co_window_corner_a, co_window_paths_a, co_window_paths_a,
          co_window_broadway_c, co_window_paths_c, co_window_unsneaky_path_e,
          co_window_of_opportunity_b, co_window_cross_2, co_window_corner_b,
          glass_columns_a, glass_columns_c, glass_columns_b
D:4:      layout_basic
D:5:      layout_layer_cave
D:6:      layout_rooms, minmay_temple_entry_offerings
D:7:      layout_layer_cave, zin_statuary, serial_bayou_pond_e,
          nicolae_water_bricks
D:8:      layout_rooms, minmay_orc_keep
D:9:      layout_cave_pods, serial_park, serial_park_tiny_1,
          serial_park_avenue1, serial_park_square2, serial_park_square2,
          minmay_door_square
D:10:     layout_loops_corners, marbit_many_paths, serial_shops, shop,
          serial_undead, serial_undead_b, serial_undead_e, serial_undead_c,
          serial_undead_d, nicolae_figureground_pulse
D:11:     layout_stronghold, minmay_lair_entry_grove, roderic_lattice_a,
          nzn_life_drinkers
Temple:   mainiacjoe_temple_big_plus

Skill      XL: |  1  2  3  4  5  6  7  8  9 10 |
---------------+-------------------------------+-----
Throwing       | 2 3 4 5 6 8 |  8.1
Fighting       | 2 3 4 5 6 7 |  7.4
Dodging        | 3 4 5 6 0 |  0.0
Unarmed Combat | 4 5 6 7 9 |  9.2

Action                   |  1- 3 |  4- 6 |  7- 9 | 10-12 || total
-------------------------+-------+-------+-------+-------++-------
Melee: Unarmed           |    79 |    93 |   356 |   219 ||   747
       Punch             |     2 |     1 |     8 |     5 ||    16
Throw: Dart              |       |     2 |     1 |       ||     3
       Throwing net      |       |     1 |       |       ||     1
Invok: Sacrifice Drink   |       |       |     1 |       ||     1
       Sacrifice Nimblen |       |       |       |     1 ||     1
Evoke: Wand              |       |       |     1 |       ||     1
  Use: Scroll            |       |       |    17 |     6 ||    23
       Potion            |       |       |     1 |     3 ||     4
 Stab: Sleeping          |     2 |       |     1 |       ||     3
Armor: Robe              |    24 |    35 |   167 |   107 ||   333
Dodge: Dodged            |    34 |    33 |   228 |   134 ||   429

Table legend: (Time is in decaauts)
 A = Elapsed time spent in this place.
 B = Non-inter-level travel time spent in this place.
 C = Inter-level travel time spent in this place.
 D = Time resting spent in this place.
 E = Time spent auto-exploring this place.
 F = Levels seen in this place.
 G = Mean time per level.
                   A        B        C        D        E       F      G
               +--------+--------+--------+--------+--------+-----+--------+
         Total |  10372 |   9819 |    553 |      0 |   7992 |  12 |  864.3 |
       Dungeon |   9854 |   9351 |    503 |      0 |   7599 |  11 |  895.8 |
        Temple |    517 |    467 |     50 |      0 |    393 |   1 |  517.0 |
               +--------+--------+--------+--------+--------+-----+--------+

Top non-repeatable levels by time:
     D:7: 1490 daAuts
     D:5: 1347 daAuts
     D:3: 1153 daAuts
     D:4: 1083 daAuts
    D:10: 1021 daAuts
     D:9: 833 daAuts
     D:2: 686 daAuts
     D:1: 627 daAuts
     D:8: 625 daAuts
     D:6: 592 daAuts
  Temple: 517 daAuts
    D:11: 392 daAuts
